 Dungeon Crawl Stone Soup version 0.23-a0-536-g5e0f5a2 (webtiles) character file.

3744 TheGoonsmith the Chiller (level 9, -1/71 HPs)
             Began as a Demonspawn Ice Elementalist on Dec 6, 2018.
             Was a Believer of Kikubaaqudgha.
             Slain by Harold
             ... wielding a +0 mace of draining
              (3 damage)
             ... on level 7 of the Dungeon.
             The game lasted 00:20:01 (9138 turns).

TheGoonsmith the Chiller (DsIE)                     Turns: 9138, Time: 00:20:02

Health: -1/71      AC: 17    Str: 13    XL:     9   Next: 93%
Magic:  0/17       EV: 12    Int: 20    God:    Kikubaaqudgha [**....]
Gold:   156        SH:  0    Dex: 14    Spells: 5/18 levels left

rFire    . . .     SeeInvis .   C - +4 great sword
rCold    + + .     Gourm    .   (shield currently unavailable)
rNeg     . . .     Faith    .   n - +2 robe {rC+}
rPois    .         Spirit   .   (helmet restricted)
rElec    .         Reflect  .   (no cloak)
rCorr    .         Harm     .   l - +0 pair of gloves (curse)
MR       .....                  s - +2 pair of boots
Stlth    +.........             (no amulet)
HPRegen  0.21/turn              (no ring)
MPRegen  0.15/turn              (no ring)

@: mighty, icy armour, heavily drained
A: antennae 1, rugged brown scales 3, cold resistance 1, rot immunity
a: Receive Corpses, Renounce Religion


You were on level 7 of the Dungeon.
You worshipped Kikubaaqudgha.
Kikubaaqudgha was pleased with you.
You were near starving.

You visited 2 branches of the dungeon, and saw 8 of its levels.
You also visited: Ossuary.

You collected 156 gold pieces.

Inventory:

Hand Weapons
 d - a +0 club
 q - a +4 dagger
 r - a +4 flail
 C - a +4 great sword (weapon)
Armour
 a - a +0 robe
 h - a -2 leather armour
 l - a cursed +0 pair of gloves (worn)
 m - a +0 pair of boots
 n - a +2 robe of cold resistance (worn)
 s - a +2 pair of boots (worn)
Wands
 p - a wand of disintegration (10)
 t - a wand of paralysis (6)
 y - a wand of enslavement (9)
 B - a wand of iceblast (5)
Scrolls
 b - 7 scrolls of identify
 f - 4 scrolls of enchant weapon
 j - 3 scrolls of remove curse
 x - 2 scrolls of teleportation
 A - a scroll of immolation {unknown}
Potions
 e - a potion of heal wounds {unknown}
 g - a potion of might
 i - a potion of resistance
 k - 2 potions of lignification
 o - 2 potions of degeneration
 u - 3 potions of curing {unknown}
 v - 3 potions of mutation {unknown}
 w - a potion of cancellation {unknown}
 z - a potion of agility {unknown}
Comestibles
 c - 3 rations


   Skills:
 + Level 4.9(2.4) Fighting
 + Level 1.4(0.0) Long Blades
 - Level 4.0(1.6) Maces & Flails
 + Level 4.6(2.1) Dodging
 - Level 1.7(0.0) Stealth
 + Level 5.4(2.9) Spellcasting
 - Level 2.1(0.0) Conjurations
 - Level 2.0(0.0) Charms
 + Level 4.7(2.3) Summonings
 - Level 5.0(2.6) Necromancy
 + Level 6.3(3.8) Ice Magic


You had 5 spell levels left.
You knew the following spells:

 Your Spells              Type           Power        Failure   Level  Hunger
a - Freeze                Ice            ###.         3%          1    None
b - Throw Frost           Conj/Ice       ##....       10%         2    ##.....
c - Summon Ice Beast      Ice/Summ       ###.....     38%         4    ####...
s - Vampiric Draining     Necr           ##........   14%         3    ###....
z - Ozocubu's Armour      Chrm/Ice       ##......     21%         3    ###....

Your spell library contained the following spells:

 Spells                   Type           Power        Failure   Level  Hunger
 Pain                     Necr           ##..         4%          1    None
 Corpse Rot               Necr           N/A          8%          2    ##.....
 Sublimation of Blood     Necr           ##........   8%          2    ##.....
 Call Imp                 Summ           ##......     9%          2    ##.....
 Magic Dart               Conj           #...         14%         1    None
 Blink                    Tloc           N/A          22%         2    ##.....
 Slow                     Hex            #.......     22%         2    ##.....
 Conjure Flame            Conj/Fire      #.......     41%         3    ###....
 Mephitic Cloud           Conj/Pois/Air  #.......     41%         3    ###....
 Throw Icicle             Conj/Ice       ##......     54%         4    ####...


Dungeon Overview and Level Annotations

Branches:
Dungeon (7/15)             Temple (1/1) D:4

Altars:
Ashenzari
Cheibriados
Kikubaaqudgha
Qazlal
Ru
Sif Muna
Trog
Vehumet
Wu Jian
Yredelemnul
The Shining One
Beogh

Annotations:
D:3 3 runed doors, Greg's ghost, amateur SpEn
D:6 3 runed doors, Caerwyn's ghost, novice GnTm
D:7 Harold


Innate Abilities, Weirdness & Mutations

You have a pair of small antennae on your head.
You are completely covered in rugged brown scales. (AC +3, +7% HP)
Your flesh is cold resistant. (rC+)
You are immune to rotting.


Message History

You feel drained.
* * * LOW HITPOINT WARNING * * *
You feel very mighty all of a sudden.
Harold hits you with a +0 mace of draining!
* * * LOW HITPOINT WARNING * * *
You feel drained.
* * * LOW HITPOINT WARNING * * *
Unknown command.
Casting: Vampiric Draining (safe; 13% risk of failure)
Confirm with . or Enter, or press ? or * to list all spells.
Aiming: Vampiric Draining (safe; 13% risk of failure)
Press: ? - help, Shift-Dir - straight line, f/p - Harold
Aim: Harold, wielding a +0 mace of draining and wearing a +2 scale mail of Harold is heavily wounded.
You feel life coursing into your body.
Harold hits you with a +0 mace of draining!
* * * LOW HITPOINT WARNING * * *
You feel drained.
You die...
Kikubaaqudgha rasps: "You have failed me!
Welcome... death!"

#..$.. ### .....
... .... ..# #...
#.# #... #.# #...
#.# #..o#######.#
#?.oo@@...#.##
......a#####....##
.###.##
####.....## ..
..........# ##
###......##
#.......##
#####.......#
#...........####
##..............#


You could see Harold, a worker ant, an orc priest and 2 orcs.

Vanquished Creatures
  Pikel (D:6)
  A hornet (D:7)
  A hippogriff (D:7)
  Eustachio (D:5)
  An orc warrior (D:7)
  3 phantoms
  A hornet zombie (D:6)
  2 ogres
  A centaur (D:6)
  6 elf zombies (Ossuary)
  A bullfrog (D:6)
  2 scorpions
  Dowan (D:7)
  5 wights (D:6)
  2 howler monkeys
  3 centaur zombies
  A crimson imp (D:6)
  4 human zombies (Ossuary)
  8 orc wizards
  An orc priest (D:4)
  4 hounds
  A bullfrog skeleton (D:6)
  Jessica (D:1)
  9 worker ants
  A hound zombie (D:7)
  3 mummies (Ossuary)
  Robin (D:2)
  5 adders
  4 gnolls
  2 shadow imps
  2 adder skeletons (D:6)
  2 worms
  4 dart slugs
  6 leopard geckos
  20 orcs
  10 giant cockroaches
  20 goblins
  11 hobgoblins
  11 jackals
  A quokka (D:3)
  3 ball pythons
  4 bats
  3 frilled lizards
  8 kobolds
  6 rats
188 creatures vanquished.

Vanquished Creatures (collateral kills)
  An orc wizard (D:7)
1 creature vanquished.

Vanquished Creatures (others)
  A slave (D:6)
  A hound (D:6)
  A quokka (D:6)
3 creatures vanquished.

Grand Total: 192 creatures vanquished

Notes
Turn   | Place    | Note
-------+----------+-------------------------------------------
     0 | D:1      | TheGoonsmith the Demonspawn Ice Elementalist began the
                  | quest for the Orb.
     0 | D:1      | Reached XP level 1. HP: 13/13 MP: 3/3
   144 | D:1      | Gained mutation: Your flesh is cold resistant. (rC+)
                  | [demonic ancestry]
   144 | D:1      | Reached XP level 2. HP: 5/19 MP: 1/5
   519 | D:1      | Reached skill level 3 in Ice Magic
   767 | D:1      | Gained mutation: You have a pair of small antennae on your
                  | head. [demonic ancestry]
   767 | D:1      | Reached XP level 3. HP: 2/24 MP: 0/6
  1249 | D:2      | Noticed Jessica
  1285 | D:1      | Killed Jessica
  1485 | D:1      | Learned a level 2 spell: Throw Frost
  1489 | D:1      | Learned a level 3 spell: Ozocubu's Armour
  1645 | D:2      | Reached XP level 4. HP: 30/30 MP: 6/8
  1841 | D:2      | Noticed Robin
  2118 | D:2      | Killed Robin
  3116 | D:3      | Gained mutation: You are partially covered in rugged brown
                  | scales. (AC +1, +3% HP) [demonic ancestry]
  3116 | D:3      | Reached XP level 5. HP: 30/36 MP: 3/9
  3117 | D:3      | Reached skill level 4 in Ice Magic
  3404 | D:3      | Found a runed gate.
  3404 | D:3      | Found a runed gate.
  3404 | D:3      | Found a runed gate.
  3406 | D:3      | Identified the cursed +1 hunting sling of Disintegration
                  | {freeze, rN++ Str-2 Int+4}
  3413 | D:3      | Noticed Greg's ghost (amateur SpEn)
  3823 | D:3      | Found a roughly hewn altar of Beogh.
  4037 | D:4      | Reached skill level 5 in Ice Magic
  4147 | D:4      | Gained mutation: You are mostly covered in rugged brown
                  | scales. (AC +2, +5% HP) [demonic ancestry]
  4147 | D:4      | Reached XP level 6. HP: 36/43 MP: 4/10
  4274 | D:4      | Found a sacrificial altar of Ru.
  4354 | D:4      | Reached skill level 1 in Fighting
  4358 | D:4      | Reached skill level 1 in Charms
  4732 | D:4      | Found a staircase to the Ecumenical Temple.
  4824 | D:4      | Reached XP level 7. HP: 48/51 MP: 6/12
  4894 | Temple   | Entered the Ecumenical Temple
  4963 | Temple   | Became a worshipper of Kikubaaqudgha
  5106 | D:4      | Found a deep blue altar of Sif Muna.
  5229 | D:5      | Entered Level 5 of the Dungeon
  5229 | D:5      | Noticed Eustachio
  5565 | D:5      | Killed Eustachio
  5696 | D:5      | Found a sand-covered staircase.
  5706 | Ossuary  | Entered an ossuary
  5799 | Ossuary  | Gained mutation: You are immune to rotting. [demonic
                  | ancestry]
  5799 | Ossuary  | Reached XP level 8. HP: 27/63 MP: 12/14
  5951 | Ossuary  | Reached skill level 1 in Maces & Flails
  6056 | Ossuary  | Reached * piety under Kikubaaqudgha
  6056 | Ossuary  | Identified Kikubaaqudgha's Grimoire of Unholy Secrets
                  | (Kikubaaqudgha gifted it to you in an ossuary)
  6056 | Ossuary  | Received a gift from Kikubaaqudgha
  6067 | Ossuary  | Learned a level 3 spell: Vampiric Draining
  6299 | D:5      | Reached skill level 1 in Necromancy
  6638 | D:5      | Upgraded the game from 0.23-a0-519-ga799fc4 to
                  | 0.23-a0-536-g5e0f5a2
  6666 | D:5      | Learned a level 4 spell: Summon Ice Beast
  7223 | D:6      | Reached skill level 5 in Necromancy
  7246 | D:6      | Reached skill level 1 in Summonings
  7294 | D:6      | Noticed Pikel
  7311 | D:6      | Killed Pikel
  7311 | D:6      | Gained mutation: You are completely covered in rugged brown
                  | scales. (AC +3, +7% HP) [demonic ancestry]
  7311 | D:6      | Reached XP level 9. HP: 54/69 MP: 5/15
  7563 | D:6      | Noticed Caerwyn's ghost (novice GnTm)
  7602 | D:6      | Reached skill level 5 in Spellcasting
  7811 | D:6      | Found a runed gate.
  7811 | D:6      | Found a runed gate.
  7811 | D:6      | Found a runed gate.
  7992 | D:6      | Reached skill level 6 in Ice Magic
  8501 | D:7      | Found a deep blue altar of Sif Muna.
  8514 | D:7      | Reached ** piety under Kikubaaqudgha
  8742 | D:7      | Reached skill level 1 in Long Blades
  8903 | D:7      | Paralysed by a hornet for 2 turns
  9008 | D:7      | Noticed Dowan
  9121 | D:7      | Killed Dowan
  9122 | D:7      | Noticed Harold
  9138 | D:7      | HP: 2/71 [Harold/+0 mace of draining (8)]
  9138 | D:7      | Slain by Harold

Vault maps used:
D:1:      lemuel_arrival_behind_the_door_large, corexii_hall_statues_l,
          minmay_tetromino_o2
D:2:      serial_bayou_pond_e, uniq_jessica, uniq_robin
D:3:      biasface_ghost_orc_armoury
D:4:      led_sif_pool, lemuel_doored_altar, temple_statues, grunt_ministairs_15
D:5:      lightli_ossuary_entry_decrepit_ruins, first_ration,
          portal_sewer_entry_f, minmay_fountain_box, uniq_eustachio
D:6:      gammafunk_ghost_split, uniq_pikel
D:7:      kennysheep_orc_sif_temple, uniq_harold, uniq_duvessa,
          uniq_crazy_yiuf_cottage
Temple:   dpeg_five_rooms_temple
Ossuary:  ossuary_minmay_four_chambers

Skill      XL: |  1  2  3  4  5  6  7  8  9 |
---------------+----------------------------+-----
Dodging        | 2 3 4 |  4.6
Ice Magic      | 3 5 6 |  6.3
Spellcasting   | 3 4 5 |  5.4
Fighting       | 1 4 |  4.9
Charms         | 1 2 |  2.0
Conjurations   | 2 |  2.1
Maces & Flails | 4 |  4.0
Necromancy     | 5 |  5.0
Summonings     | 4 |  4.7
Long Blades    | 1 |  1.4
Stealth        | |  1.7

Action                   |  1- 3 |  4- 6 |  7- 9 || total
-------------------------+-------+-------+-------++-------
Melee: Club              |    25 |    16 |       ||    41
       Unarmed           |     2 |       |       ||     2
       Dagger            |       |     2 |       ||     2
       Flail             |       |     8 |   406 ||   414
       Great sword       |       |       |    34 ||    34
 Cast: Freeze            |    56 |   143 |   106 ||   305
       Ozocubu's Armour  |       |     1 |    18 ||    19
       Throw Frost       |       |       |     4 ||     4
       Vampiric Draining |       |       |     7 ||     7
       Summon Ice Beast  |       |       |     2 ||     2
  Use: Scroll            |     1 |     7 |     1 ||     9
       Potion            |       |       |     1 ||     1
 Stab: Sleeping          |     1 |     1 |     2 ||     4
  Eat: Chunk             |     2 |    10 |     5 ||    17
       Ration            |       |       |     3 ||     3
Armor: Robe              |    15 |    44 |   244 ||   303
       Leather armour    |     1 |       |       ||     1
Dodge: Dodged            |    41 |    78 |   376 ||   495
       Rpst.: Great sword |       |       |    20 ||    20

Table legend:
 A = Non-vault XP
 B = Vault XP
 C = Vault XP percentage of total XP
 D = Non-vault monster count
 E = Vault monster count
 F = Vault count percentage of total count
                 A         B        C        D         E       F
            +---------+---------+-------+---------+---------+-------
      Total |    3159 |    2190 |  40.9 |     145 |      44 |  23.3
            +---------+---------+-------+---------+---------+-------
        D:1 |      49 |      37 |  43.0 |      26 |       1 |   3.7
        D:2 |      56 |      37 |  39.8 |      22 |      12 |  35.3
        D:3 |      88 |       0 |   0.0 |      20 |       0 |   0.0
        D:4 |     459 |      53 |  10.4 |      27 |       2 |   6.9
        D:5 |     658 |     218 |  24.9 |      16 |       7 |  30.4
        D:6 |    1133 |     607 |  34.9 |      25 |       1 |   3.8
        D:7 |     716 |     343 |  32.4 |       9 |       6 |  40.0
    Ossuary |       0 |     895 | 100.0 |       0 |      15 | 100.0
            +---------+---------+-------+---------+---------+-------
